Workbook

Sheet ANEXO 1
A1: ANEXO 1
C2: ANÁLISIS DE COTIZACIONES
C3: ACTUALIZACIÓN Y SOPORTE TÉCNICO DE LICENCIAS A PERPETUIDAD SCENE-3D ZONE 2026 PARA PROCESAMIENTO DE DATOS 3D A PARTIR DE ESCÁNERES LASER FARO FOCUS, EXISTENTES EN LOS GRUPOS DE ARQUITECTURA, INGENIERÍA CIVIL Y TOPOGRAFÍA DEL CTI.
J6: ANALISIS DE VARIABLES
F7: UID-FARO 02 de junio del 2026 AT Vigencia de la propuesta económica, 30 días calendario. | H7: GRUPO ABSTRACT SAS 3 JUNIO VIGENCIA 17 JULIO AT | J7: VALORES SIN IVA
A8: ITEM | B8: DESCRIPCIÓN | C8: UNIDAD DE MEDIDA | D8: CANTIDAD | F8: COTIZACIÓN 1 | H8: COTIZACIÓN 2 | J8: VALOR UNITARIO SIN IVA | K8: VALOR UNITARIO SIN IVA | L8: VALOR UNITARIO SIN IVA | M8: VALOR UNITARIO SIN IVA | O8: VALOR SELECCIONADO
F9: VALOR UNITARIO SIN IVA | H9: VALOR UNITARIO SIN IVA | J9: COTIZACIÓN MÁS BAJA | K9: COTIZACIÓN MÁS ALTA | L9: PROMEDIO | M9: MEDIA ARITMÉTICA BAJA | O9: VALOR UNITARIO SIN IVA | P9: IVA | Q9: VALOR UNITARIO INCLUIDO IVA | R9: VALOR TOTAL INCLUIDO IVA
A10: 1 | B10: ACTUALIZACIÓN Y SOPORTE TÉCNICO DE LICENCIAS A PERPETUIDAD SCENE-3D ZONE 2026 PARA PROCESAMIENTO DE DATOS 3D A PARTIR DE ESCANERES LASER FARO FOCUS (Según Especificaciones Técnicas) | C10: Unidad | D10: 4 | F10: 48617565 | H10: 52989728 | J10: =ROUND(MIN(F10,H10),2) -> 48617565 | K10: =ROUND(MAX(F10,H10),2) -> 52989728 | L10: =ROUND(AVERAGE(F10,H10),2) -> 50803646 | M10: =ROUND(AVERAGE(J10,L10),2) -> 49710606 | O10: =M10 -> 49710606 | P10: =ROUND(O10*19%,2) -> 9445015.1 | Q10: =ROUND(O10+P10,2) -> 59155621 | R10: =ROUND(Q10*$D10,2) -> 2.3662248e+08
A11: TOTAL ……………….. | R11: =ROUND(SUM(R10:R10),2) -> 2.3662248e+08
A13: Fecha de elaboración: 11/06/2026

Sheet ANEXO 2
A1: ANEXO 2
D2: ANÁLISIS DE COSTOS HISTÓRICOS
D4: "ADQUISICIÓN DE EQUIPOS DE CÓMPUTO PARA LA FISCALÍA GENERAL DE LA NACIÓN”.
A6: ÍTEM | B6: NECESIDAD | C6: UNIDAD DE MEDIDA | D6: CANTIDAD | I6: DICIEMBRE 2025 CONTRATO-FGN-NC-0371-2025 | J6: 2026 | L6: ANÁLISIS PROYECCIÓN COSTOS HISTÓRICOS (IPC / Índices - Serie de empalme)
F7: VALOR UNITARIO SIN IVA | I7: 1.5227 | J7: 1.5891 | L7: VALOR UNITARIO (excluido de IVA) | M7: IVA (excluido) | N7: VALOR UNITARIO (excluido de IVA) | O7: VALOR TOTAL (excluido de IVA)
A9: 1 | B9: ACTUALIZACIÓN Y SOPORTE TÉCNICO DE LICENCIAS A PERPETUIDAD SCENE-3D ZONE 2026 PARA PROCESAMIENTO DE DATOS 3D A PARTIR DE ESCANERES LASER FARO FOCUS (Según Especificaciones Técnicas) | C9: Unidad | D9: 4 | F9: 52917983 | I9: =(J7/I7)*F9 -> 55225564 | L9: =ROUND(I9,2) -> 55225564 | M9: 0 | N9: =ROUND(L9,2) -> 55225564 | O9: =ROUND(N9*D9,2) -> 2.2090226e+08
Q10: https://www.dane.gov.co/index.php/estadisticas-por-tema/precios-y-costos/indice-de-precios-al-consumidor-ipc
A11: NOTAS:
A12: 1) En el presente análisis se aplicó el procedimiento de aproximación generalmente aceptado por las reglas matemáticas denominado redondeo, que consiste en acercar los valores decimales al número entero más aproximado (a la baja, cuando el numero decimal sea menor a 5 o a la alta cuando el numero decimal sea igual o mayor a 5).
A14: Fecha de Elaboración | B14: 46184
A15: Estudio del Sector No: | B15: 315

Sheet ANEXO 3..
A1: ANEXO 3
C3: ='ANEXO 1'!C3:R3 -> ACTUALIZACIÓN Y SOPORTE TÉCNICO DE LICENCIAS A PERPETUIDAD SCENE-3D ZONE 2026 PARA PROCESAMIENTO DE DATOS 3D A PARTIR DE ESCÁNERES LASER FARO FOCUS, EXISTENTES EN LOS GRUPOS DE ARQUITECTURA, INGENIERÍA CIVIL Y TOPOGRAFÍA DEL CTI.
A5: ITEM | B5: DESCRIPCIÓN | C5: UNIDAD DE MEDIDA | D5: CANTIDAD | F5: ANÁLISIS DE COTIZACIONES | K5: VALOR COSTOS HISTORICOS | P5: VALOR SELECCIONADO
F6: VALOR UNITARIO SIN IVA | G6: IVA | H6: VALOR UNITARIO INCLUIDO IVA | I6: VALOR TOTAL INCLUIDO IVA | K6: VALOR UNITARIO SIN IVA | L6: IVA | M6: VALOR UNITARIO INCLUIDO IVA | N6: VALOR TOTAL INCLUIDO IVA | P6: VALOR UNITARIO SIN IVA | Q6: IVA | R6: VALOR UNITARIO INCLUIDO IVA | S6: VALOR TOTAL INCLUIDO IVA
A7: 1 | B7: ACTUALIZACIÓN Y SOPORTE TÉCNICO DE LICENCIAS A PERPETUIDAD SCENE-3D ZONE 2026 PARA PROCESAMIENTO DE DATOS 3D A PARTIR DE ESCANERES LASER FARO FOCUS (Según Especificaciones Técnicas) | C7: Unidad | D7: 4 | F7: ='ANEXO 1'!O10 -> 49710606 | G7: =ROUND(F7*19%,2) -> 9445015.1 | H7: =ROUND(F7+G7,2) -> 59155621 | I7: =ROUND(H7*D7,2) -> 2.3662248e+08 | K7: ='ANEXO 2'!L9 -> 55225564 | L7: =ROUND(K7*19%,2) -> 10492857 | M7: =ROUND(K7+L7,2) -> 65718422 | N7: =ROUND(M7*D7,2) -> 2.6287369e+08 | P7: =F7 -> 49710606 | Q7: =ROUND(P7*19%,2) -> 9445015.1 | R7: =ROUND(P7+Q7,2) -> 59155621 | S7: =ROUND(R7*D7,2) -> 2.3662248e+08
A8: TOTAL ……………….. | I8: =SUM(I7:I7) -> 2.3662248e+08 | N8: =SUM(N7:N7) -> 2.6287369e+08 | S8: =SUM(S7:S7) -> 2.3662248e+08
A10: NOTA: El proponente, en la estructuración de su oferta económica, deberá presentar máximo dos decimales, con el fin de no afectar el cálculo de variables como IVA, AYS o AIU. En el caso que se presenten más de dos decimales, se recomienda utilizar el método de redondeo estándar, esto es, si el tercer decimal es menor que 5, el segundo decimal se mantiene; si el tercer decimal es igual o mayor que 5, el segundo decimal se incrementa en uno
A11: ='ANEXO 1'!$A$13 -> Fecha de elaboración: 11/06/2026
S16: =LOWER(I16)

Sheet ANEXO4..
A1: ANEXO 4
C2: ESTUDIO DE MERCADO DEFINITIVO
C3: ='ANEXO 3..'!C3:S3 -> ACTUALIZACIÓN Y SOPORTE TÉCNICO DE LICENCIAS A PERPETUIDAD SCENE-3D ZONE 2026 PARA PROCESAMIENTO DE DATOS 3D A PARTIR DE ESCÁNERES LASER FARO FOCUS, EXISTENTES EN LOS GRUPOS DE ARQUITECTURA, INGENIERÍA CIVIL Y TOPOGRAFÍA DEL CTI.
A5: ITEM | B5: DESCRIPCIÓN | C5: UNIDAD DE MEDIDA | D5: CANTIDAD | F5: VALOR SELECCIONADO
F6: VALOR UNITARIO SIN IVA | G6: IVA | H6: VALOR UNITARIO INCLUIDO IVA | I6: VALOR TOTAL INCLUIDO IVA
A7: 1 | B7: ACTUALIZACIÓN Y SOPORTE TÉCNICO DE LICENCIAS A PERPETUIDAD SCENE-3D ZONE 2026 PARA PROCESAMIENTO DE DATOS 3D A PARTIR DE ESCANERES LASER FARO FOCUS (Según Especificaciones Técnicas) | C7: Unidad | D7: 4 | F7: ='ANEXO 3..'!P7 -> 49710606 | G7: =ROUND(F7*19%,2) -> 9445015.1 | H7: =ROUND(F7+G7,2) -> 59155621 | I7: =ROUND(H7*D7,2) -> 2.3662248e+08
A8: TOTAL ……………….. | I8: =SUM(I7:I7) -> 2.3662248e+08
A10: NOTA: El proponente, en la estructuración de su oferta económica, deberá presentar máximo dos decimales, con el fin de no afectar el cálculo de variables como IVA, AYS o AIU. En el caso que se presenten más de dos decimales, se recomienda utilizar el método de redondeo estándar, esto es, si el tercer decimal es menor que 5, el segundo decimal se mantiene; si el tercer decimal es igual o mayor que 5, el segundo decimal se incrementa en uno
A11: ='ANEXO 1'!A13 -> Fecha de elaboración: 11/06/2026
N16: =LOWER(I16)
